 Seeded DCSS version 0.31-a0-460-g9e667d4245 (webtiles) character file.

Game seed: 4974466451597650101 (custom seed)

588 AccursedSamuel the Changeling (level 7, -2/56 HPs)
             Began as a Grey Draconian Shapeshifter on Aug 4, 2023.
             Succumbed to a gnoll sergeant's poison
             ... on level 5 of the Dungeon.
             The game lasted 00:20:18 (3649 turns).

AccursedSamuel the Changeling (DrSh)                Turns: 3649, Time: 00:20:19

Health: -2/56      AC: 11    Str: 19    XL:     7   Next: 15%
Magic:  7/7        EV: 13    Int:  8    God:
Gold:   215        SH:  0    Dex: 12    Spells: 6/6 levels left

rFire   . . .        i - +2 dagger (venom)
rCold   . . .        (no shield)
rNeg    . . .        (body armour unavailable)
rPois   .            (helmet currently unavailable)
rElec   .            (cloak currently unavailable)
rCorr   .            (gloves currently unavailable)
SInv    .            (boots currently unavailable)
Will    +....        (no amulet)
Stlth   ++           k - ring of willpower
HPRegen 0.29/turn    (no ring)
MPRegen 0.10/turn

%: no passive effects
@: lethally poisoned (-2 -> -15), beast-form
A: beast (slay +2), AC +11, amphibious, unfitting armour, cold-blooded
a: Begin Untransformation


You were on level 5 of the Dungeon.
You were a hulking beast.
You visited 1 branch of the dungeon, and saw 5 of its levels.

You collected 215 gold pieces.

Inventory:

Hand Weapons
 f - a +0 sling
 i - a +2 dagger of venom (weapon)
Jewellery
 k - a ring of willpower (left hand)
Talismans
 b - a beast talisman (active)
 l - a maw talisman
Wands
 z - a wand of iceblast (1)
Scrolls
 d - a scroll of revelation {unknown}
 g - 2 scrolls of identify {unknown}
 h - a scroll of enchant armour {unknown}
 j - 4 scrolls of teleportation {unknown}
 n - 2 scrolls of poison {unknown}
 p - a scroll of immolation {unknown}
 q - a scroll of fog {unknown}
 s - a scroll of acquirement {unknown}
 v - a scroll of noise {unknown}
 w - a scroll of blinking {unknown}
 y - a scroll of amnesia {unknown}
Potions
 a - a potion of lignification
 c - 4 potions of might {unknown}
 e - a potion of invisibility {unknown}
 m - a potion of berserk rage {unknown}
 o - 3 potions of curing {unknown}
 r - 2 potions of enlightenment {unknown}
 t - a potion of mutation {unknown}
 u - a potion of attraction {unknown}
 x - a potion of resistance {unknown}


   Skills:
 + Level 2.4 Fighting
 + Level 3.2 Short Blades
 + Level 2.1 Ranged Weapons
 + Level 3.6 Dodging
 + Level 1.3 Stealth
 + Level 3.9 Unarmed Combat
 + Level 4.1 Shapeshifting


You had 6 spell levels left.
You didn't know any spells.
Your spell library contained the following spells:

 Spells                   Type           Power      Damage    Failure   Level
 Necrotise                Necr           0%         1d4       41%         1
 Ignite Poison            Fire/Tmut/Pois 0%         N/A       78%         3
 Inner Flame              Hex/Fire       0%         N/A       78%         3
 Vampiric Draining        Necr           0%         2d6       78%         3
 Flame Wave               Conj/Fire      0%         2d4       99%         4
 Sticky Flame             Conj/Fire      0%         2d3       99%         4
 Agony                    Necr           0%         N/A       100%        5
 Ignition                 Fire           0%         3d3       100%        8


Dungeon Overview and Level Annotations

Branches:
Dungeon (5/15)
 Temple: D:4-7

Altars:
Wu Jian

Annotations:
D:5 1 runed translucent door, pascalblue's ghost, novice DECj


Innate Abilities, Weirdness & Mutations

You are a hulking beast.
Your limbs bulge with bestial killing power. (Slay +2)
Your dull iron-grey scales are very hard. (AC +11)
You are amphibious.
You cannot fit into any form of body armour.
You are cold-blooded and may be slowed by cold attacks.


Message History

You are poisoned.
Things that are here:
a +0 spear; a gnoll corpse
Found a stone staircase leading down.
You feel very sick. The gnoll sergeant misses you.
You hit the gnoll sergeant.
The gnoll sergeant is poisoned.
You tail-slap the gnoll sergeant, but do no damage.
The gnoll sergeant is lightly wounded.
You feel very sick.
The gnoll sergeant hits you with a +2 spear of venom.
You are more poisoned.
You hit the gnoll sergeant but do no damage.
The gnoll sergeant looks as sick as possible!
Your tail-slap misses the gnoll sergeant.
The gnoll sergeant is moderately wounded.
You feel very sick.
The gnoll sergeant hits you with a +2 spear of venom.
You are lethally poisoned!
You hit the gnoll sergeant.
The gnoll sergeant is heavily wounded.
You feel very sick. The gnoll sergeant misses you.
You hit the gnoll sergeant.
You tail-slap the gnoll sergeant, but do no damage.
The gnoll sergeant is severely wounded.
* * * LOW HITPOINT WARNING * * *
You feel very sick.
* * * LOW HITPOINT WARNING * * *
You feel very sick. The gnoll hits you but does no damage.
The gnoll hits you with a +0 club.
* * * LOW HITPOINT WARNING * * *
The gnoll sergeant hits you with a +2 spear of venom.
* * * LOW HITPOINT WARNING * * *
You closely miss the gnoll.
* * * LOW HITPOINT WARNING * * *
You feel very sick.
You hit the gnoll.
The gnoll is poisoned.
You tail-slap the gnoll.
The gnoll is severely wounded.
You die...

..#. ..#.. #... #...##
.>... ##.... .#
#..##.####..# #~$r
#.....hgg.#
#~ww##....g#####
.....#~~~#......###
.....#~~~#........#
.....#~rW##.#####.#
####### ##...##+###.#
#.# #.....#
#...........### #.#
#.....#
#.............###.#
#.....#
#..........#......######
#.....#


You could see a gnoll sergeant (extremely poisoned) and 2 gnolls.

Vanquished Creatures
  A black bear (D:5)
  An ogre (D:4)
  2 scorpions
  A hound (D:4)
  2 iguanas
  9 adders
  5 gnolls
  An ufetubus (D:4)
  2 dart slugs (D:4)
  4 orcs
  7 ball pythons
  3 endoplasms
  5 giant cockroaches
  7 goblins
  8 hobgoblins
  10 jackals
  4 quokkas
  7 bats
  7 frilled lizards
  5 kobolds
  6 rats
97 creatures vanquished.

Notes
Turn   | Place    | Note
-------+----------+-------------------------------------------
     0 | D:1      | AccursedSamuel the Draconian Shapeshifter began the quest
                  | for the Orb.
     0 | D:1      | Reached XP level 1. HP: 16/16 MP: 1/1
   183 | D:1      | Reached XP level 2. HP: 17/23 MP: 2/2
   285 | D:1      | Reached XP level 3. HP: 18/28 MP: 3/3
   701 | D:2      | Reached skill level 1 in Ranged Weapons
   701 | D:2      | Reached XP level 4. HP: 34/35 MP: 4/4
  2233 | D:4      | Reached XP level 5. HP: 16/40 MP: 5/5
  2247 | D:4      | Reached skill level 1 in Short Blades
  2440 | D:4      | Found an ornate altar of the Wu Jian Council.
  2701 | D:4      | Reached skill level 1 in Stealth
  2701 | D:4      | Reached XP level 6. HP: 36/48 MP: 6/6
  3429 | D:5      | Entered Level 5 of the Dungeon
  3447 | D:5      | Found a runed translucent door.
  3495 | D:5      | Noticed pascalblue's ghost (novice DECj)
  3542 | D:5      | Reached skill level 4 in Shapeshifting
  3542 | D:5      | Your scales start taking on a dull iron-grey colour.
  3542 | D:5      | Reached XP level 7. HP: 39/55 MP: 7/7
  3648 | D:5      | HP: 1/56 [poisoned by a gnoll sergeant]
  3649 | D:5      | Succumbed to a gnoll sergeant's poison

Illustrated notes

Levels and vault maps discovered:
D:1:      matt_arrival_los_fun, layout_rooms, basic_ecumenical_altar
D:2:      layout_rooms, minmay_pentomino_q2
D:3:      layout_basic, minmay_statues_item
D:4:      layout_rooms, nicolae_wu_jian_immortal_techniques,
          chequers_serial_rivers_large_b, kennysheep_generic_room_10
D:5:      layout_rooms, ebering_ghost_sewer_f

Skill      XL: |  1  2  3  4  5  6  7 |
---------------+----------------------+-----
Ranged Weapons | 1 2 |  2.1
Dodging        | 2 3 |  3.6
Short Blades   | 2 3 |  3.2
Stealth        | 1 |  1.3
Fighting       | 2 |  2.4
Shapeshifting  | 4 |  4.1
Unarmed Combat | |  3.9

Action                     |  1- 3 |  4- 6 |  7- 9 || total
---------------------------+-------+-------+-------++-------
  Melee: Unarmed           |    41 |       |       ||    41
         Tailslap          |     1 |    19 |     5 ||    25
         Dagger            |       |   131 |    12 ||   143
         Maw               |       |     3 |       ||     3
         Punch             |       |     3 |       ||     3
   Fire: Sling             |    54 |    30 |       ||    84
 Armour: Skin              |    54 |    75 |     3 ||   132
  Dodge: Dodged            |    99 |   170 |     5 ||   274
   Form: Beast             |       |     1 |       ||     1
         Maw               |       |     1 |       ||     1

Table legend: (Time is in decaauts)
 A = Elapsed time spent in this place.
 B = Non-inter-level travel time spent in this place.
 C = Inter-level travel time spent in this place.
 D = Time resting spent in this place.
 E = Time spent auto-exploring this place.
 F = Levels seen in this place.
 G = Mean time per level.
                   A        B        C        D        E       F      G
               +--------+--------+--------+--------+--------+-----+--------+
         Total |   3725 |   3654 |     71 |    241 |   1637 |   5 |  745.0 |
       Dungeon |   3725 |   3654 |     71 |    241 |   1637 |   5 |  745.0 |
               +--------+--------+--------+--------+--------+-----+--------+

Top non-repeatable levels by time:
     D:4: 1269 daAuts
     D:2: 939 daAuts
     D:3: 931 daAuts
     D:1: 369 daAuts
     D:5: 215 daAuts
